Map: Neon Violet Square LE

Players

jumpman - Winner!

  • Race: Terran Terran
  • League: Gold
  • Spawn Location: 5:00

WeAreLegion

  • Race: Terran Terran
  • League: Silver
  • Spawn Location: 11:00

VOD

Have the link to the VOD?

Description

Time

  • Played on: Dec. 14, 2024, 12:13 a.m.
  • Length: 7:19
Show
View Real Time Build Order
Export as new Build Order

jumpman Terran - Winner!

Build Orders:  

Get SALT Encoding   

  12  0:17  SCV  
  13  0:23  Supply Depot  
  13  0:30  SCV  
  13  0:33  Refinery  
  14  0:42  SCV  
  15  0:48  Barracks  
  15  0:54  SCV  
  16  1:06  SCV  
  16  1:07  Supply Depot  
  17  1:15  Refinery  
  17  1:18  SCV  
  18  1:30  SCV  
  19  1:37  Marine  
  20  1:46  Supply Depot  
  20  1:49  SCV  
  21  1:56  Engineering Bay  
  21  2:01  SCV, Marine  
  23  2:13  SCV, Factory  
  24  2:25  SCV  
  24  2:27  Marine  
  26  2:37  SCV  
  27  2:45  Marine  
  27  2:47  Terran Infantry Weapons Level 1  
  28  2:52  Supply Depot  
  28  2:55  Orbital Command  
  28  2:58  Factory Tech Lab  
  28  3:03  Marine  
  29  3:17  Siege Tank  
  32  3:24  Marine  
  33  3:37  Starport  
  33  3:42  Marine  
  34  3:49  Siege Tank  
  34  3:54  Supply Depot  
  37  4:02  Marine  
  38  4:14  Medivac  
  40  4:20  Marine  
  41  4:26  Supply Depot  
  41  4:44  Medivac  
  43  4:51  Fusion Core  
  43  5:17  Starport Tech Lab  
  43  5:35  Siege Tank  
  46  5:36  Marine  
  47  5:48  Battlecruiser  
  37  6:26  SCV  
  38  6:38  SCV  
  35  6:50  SCV  
  36  7:02  SCV  
Show
View Real Time Build Order
Export as new Build Order

WeAreLegion Terran 

Build Orders: Banshee Rush 

Get SALT Encoding   

  12  0:00  SCV  
  13  0:12  SCV  
  14  0:18  Supply Depot  
  14  0:26  SCV  
  15  0:40  SCV  
  15  0:41  Barracks  
  16  0:46  Refinery  
  16  0:55  SCV  
  17  1:07  SCV  
  18  1:18  Refinery  
  18  1:19  SCV  
  19  1:31  Orbital Command  
  19  1:45  Factory  
  19  1:54  Supply Depot  
  19  1:55  Reaper  
  19  1:57  SCV  
  21  2:09  SCV  
  22  2:21  SCV  
  23  2:28  Barracks Reactor  
  23  2:33  Starport  
  23  2:35  Hellion  
  25  2:52  Command Center  
  25  2:55  SCV  
  26  3:00  Factory Tech Lab  
  26  3:07  SCV  
  27  3:19  SCV  
  28  3:26  Banshee  
  31  3:27  Cloaking Field  
  31  3:37  Supply Depot  
  31  3:42  Factory Tech Lab  
  31  3:59  SCV, Marine x2  
  31  4:00  Supply Depot  
  34  4:04  Barracks  
  34  4:05  Barracks  
  34  4:10  Orbital Command  
  34  4:11  SCV  
  34  4:14  Banshee  
  38  4:23  SCV  
  39  4:27  Siege Tank  
  42  4:35  SCV  
  42  4:37  SCV  
  44  4:42  Supply Depot  
  44  4:45  Marine  
  45  4:47  SCV  
  45  4:48  Marine  
  45  4:49  SCV  
  48  4:53  Barracks Tech Lab  
  48  4:54  Barracks Reactor  
  48  5:02  SCV x2  
  50  5:11  Supply Depot  
  50  5:13  Stimpack  
  50  5:14  SCV x2  
  50  5:18  Marine x2  
  50  5:20  Marine  
  55  5:22  Raven  
  55  5:28  Engineering Bay  
  57  5:34  Engineering Bay  
  57  5:36  Marine x2  
  57  5:38  Marine  
  57  5:40  Refinery  
  60  5:42  Refinery  
  60  5:43  SCV x2  
  60  5:44  Marine x2  
  64  5:55  SCV x2  
  64  5:56  Marine x2, Marauder  
  70  6:00  Raven  
  70  6:02  Marine x2  
  74  6:07  SCV x2  
  31  6:49  Marine  
  31  6:50  Marine x4  
Tags
 
Matchup
TvT
Race
Terran
Replay Pack
December
Spawn Locations
Cross Positions
Strategy
Banshee Rush
Add a new tag
Caveats
  • Supply blocks, unpowered buildings, or Contaminate may cause inaccurate times.
  • Supply counts are checked every 10 seconds.